 Dungeon Crawl Stone Soup version 0.22-a0-247-gbddf880 (webtiles) character file.

143 MatthieuS the Shooter (level 5, -1/46 HPs)
             Began as a Minotaur Hunter on Feb 24, 2018.
             Killed by nerve-wracking pain
             ... invoked by an orc priest
              (13 damage)
             ... on level 3 of the Dungeon.
             The game lasted 00:04:33 (2020 turns).

MatthieuS the Shooter (Minotaur Hunter)             Turns: 2020, Time: 00:04:34

Health: -1/46      AC:  5    Str: 17    XL:     5   Next: 4%
Magic:  1/1        EV: 12    Int:  8    God:
Gold:   127        SH:  0    Dex: 11    Spells: 4/4 levels left

rFire    . . .     SeeInvis .   a - +1 dagger (antimagic)
rCold    + + .     Gourm    .   (no shield)
rNeg     . . .     Faith    .   c - +0 leather armour
rPois    .         Spirit   .   (helmet restricted)
rElec    .         Reflect  .   (no cloak)
rCorr    .         Harm     .   o - +0 pair of gloves
MR       .....                  j - +0 pair of boots (curse)
Stlth    +.........             (no amulet)
HPRegen  0.15/turn              e - ring of protection from cold
MPRegen  0.07/turn              m - ring of protection from cold

@: no status effects
A: retaliatory headbutt, horns 2
a: no special abilities


You were on level 3 of the Dungeon.
You were not hungry.

You visited 1 branch of the dungeon, and saw 3 of its levels.

You collected 127 gold pieces.

Inventory:

Hand Weapons
 a - a +1 antimagic dagger (weapon)
 w - a +1 shortbow
Missiles
 d - 67 arrows
Armour
 c - a +0 leather armour (worn)
 j - a cursed +0 pair of boots (worn)
 o - a +0 pair of gloves (worn)
Magical Staves
 u - an uncursed staff of fire {unknown}
Jewellery
 e - a ring of protection from cold (left hand)
 m - a ring of protection from cold (right hand)
Scrolls
 h - a scroll of magic mapping {unknown}
 i - a scroll of identify {unknown}
 n - a scroll of remove curse {unknown}
 r - a scroll of teleportation {unknown}
Potions
 b - a potion of lignification {unknown}
 g - 3 potions of flight {unknown}
 l - 2 potions of brilliance {unknown}
 p - a potion of might {unknown}
 q - a potion of haste {unknown}
 s - a potion of heal wounds {unknown}
 t - a potion of curing {unknown}
Comestibles
 f - 3 rations
 k - 14 chunks of flesh


   Skills:
 + Level 3.8 Fighting
 * Level 5.8 Bows
 + Level 3.3 Dodging
 - Level 0.7 Stealth


You had 4 spell levels left.
You didn't know any spells.

Dungeon Overview and Level Annotations

Branches:
Dungeon (3/15)

Altars:
Dithmenos


Innate Abilities, Weirdness & Mutations

You reflexively headbutt those who attack you in melee.
You have a pair of horns on your head.


Message History

You have reached level 5!
An orc priest comes into view. It is wielding a war axe.
You now have 127 gold pieces (gained 18).
You see here a thin smoking staff.
u - a thin smoking staff The orc priest casts a cantrip, but nothing happens.
An orc wizard comes into view. It is wielding a dagger.
An orc comes into view.
The orc shouts!
An orc comes into view. It is wielding a mace.
You hit the orc priest but do no damage.
Your headbutt misses the orc priest.
The orc priest mumbles some strange prayers to Beogh against you.
Beogh smites you!
* * * LOW HITPOINT WARNING * * *
You are too injured to fight recklessly!
You barely miss the orc priest.
The orc priest calls down the wrath of Beogh upon you.
Pain shoots through your body!
You die...

###................+
#................#
#.........########
#..........#####
#.......#......#
#.......#......#
#########.....†########.#
#..>............#
######.....@##########
..........o.#
............#
.........#### ##...ooo!#
##......# #......#
+......# #......#


You could see an orc priest, an orc wizard and 2 orcs.

Vanquished Creatures
  A howler monkey (D:3)
  A worker ant (D:3)
  An ooze (D:1)
  A worm (D:2)
  2 dart slugs (D:2)
  2 leopard geckos
  An orc (D:3)
  A ball python (D:1)
  8 bats
  5 giant cockroaches
  6 goblins
  7 hobgoblins
  11 jackals
  4 kobolds
  3 frilled lizards (D:1)
  5 rats
59 creatures vanquished.

Notes
Turn   | Place    | Note
-------+----------+-------------------------------------------
     0 | D:1      | MatthieuS the Minotaur Hunter began the quest for the Orb.
     0 | D:1      | Reached XP level 1. HP: 18/18 MP: 0/0
    68 | D:1      | Reached XP level 2. HP: 18/25 MP: 1/1
   536 | D:1      | Reached skill level 5 in Bows
   700 | D:1      | Reached XP level 3. HP: 31/31 MP: 2/2
  1834 | D:3      | Reached XP level 4. HP: 30/38 MP: 1/3
  1878 | D:2      | Found a shadowy altar of Dithmenos.
  2012 | D:3      | Reached XP level 5. HP: 27/46 MP: 1/4
  2020 | D:3      | Killed from afar by an orc priest

Vault maps used:
D:1:      dpeg_arrival_rooms_b
D:2:      lemuel_upstairs_altar
D:3:      kennysheep_big_flooded_room, old_standard_altar, kennysheep_orc_chapel

Skill      XL: |  1  2  3 |
---------------+----------+-----
Fighting       | 3 |  3.8
Bows           | 5 |  5.8
Dodging        | 3 |  3.3
Stealth        | |  0.7

Action                   |  1- 3 |  4- 6 || total
-------------------------+-------+-------++-------
Melee: Short sword       |    72 |       ||    72
       Headbutt          |    19 |     5 ||    24
       Dagger            |    52 |    36 ||    88
 Stab: Sleeping          |     1 |       ||     1
  Eat: Chunk             |     3 |     1 ||     4
Armor: Leather armour    |    37 |    17 ||    54
Dodge: Dodged            |    84 |    31 ||   115

Table legend:
 A = Spawn XP
 B = Non-spawn XP
 C = Spawn XP percentage of total XP
 D = Spawn monster count
 E = Non-spawn monster count
 F = Spawn count percentage of total count
 G = Total turns spent on level
                    A         B        C        D         E        F      G
               +---------+---------+-------+---------+---------+-------+---------
         Total |       0 |     205 |   0.0 |       0 |      59 |   0.0 |  2020
               +---------+---------+-------+---------+---------+-------+---------
           D:1 |       0 |      50 |   0.0 |       0 |      27 |   0.0 |   866
           D:2 |       0 |      40 |   0.0 |       0 |      18 |   0.0 |   973
           D:3 |       0 |     115 |   0.0 |       0 |      14 |   0.0 |   181
               +---------+---------+-------+---------+---------+-------+---------
